 Dungeon Crawl Stone Soup version 0.31-a0-486-g8d68a81214 (webtiles) character file.

Game seed: 9386955451867028616

15 AstroCodex24 the Shield-Bearer (level 2, -2/23 HPs)
             Began as a Vampire Fighter on Aug 7, 2023.
             Slain by a goblin
             ... wielding a +0 dagger
             ... led by Robin
              (4 damage)
             ... on level 4 of the Dungeon.
             The game lasted 00:02:30 (524 turns).

AstroCodex24 the Shield-Bearer (Vampire Fighter)     Turns: 524, Time: 00:02:31

Health: -2/23      AC:  6    Str: 15    XL:     2   Next: 34%
Magic:  2/2        EV:  8    Int: 10    God:
Gold:   37         SH:  4    Dex: 13    Spells: 1/1 levels left

rFire   . . .        a - +0 war axe
rCold   . . .        c - +0 buckler
rNeg    . . .        b - +0 scale mail
rPois   .            (no helmet)
rElec   .            (no cloak)
rCorr   .            (no gloves)
SInv    +            (no boots)
Will    .....        (no amulet) Stlth
                     (no ring)
HPRegen 0.43/turn    (no ring)
MPRegen 0.08/turn

%: no passive effects
@: healing quickly
A: alive, fangs 3, see invisible, vampiric 1
a: Exsanguinate


You were on level 4 of the Dungeon.
You visited 1 branch of the dungeon, and saw 3 of its levels.

You collected 37 gold pieces.

Inventory:

Hand Weapons
 a - a +0 war axe (weapon)
 h - the +2 quarterstaff "Akhler" {freeze, rPois rC+}
   (You found it on level 4 of the Dungeon)

   rC:        It protects you from cold.
   rPois:     It protects you from poison.
Armour
 b - a +0 scale mail (worn)
 c - a +0 buckler (worn)
Scrolls
 g - a scroll of immolation
Potions
 d - a potion of might
 e - 2 potions of heal wounds {unknown}
 f - a potion of curing {unknown}


   Skills:
 + Level 2.9 Fighting
 + Level 2.0 Axes
 + Level 2.6 Armour
 + Level 2.9 Shields


You had one spell level left.
You didn't know any spells.
Your spell library contained the following spells:

 Spells                   Type           Power      Damage    Failure   Level
 Necrotise                Necr           0%         1d4       89%         1
 Wereblood                Tmut           0%         N/A       96%         2
 Vampiric Draining        Necr           0%         2d6       99%         3
 Agony                    Necr           0%         N/A       100%        5
 Irradiate                Conj/Tmut      0%         3d11      100%        5


Dungeon Overview and Level Annotations

Branches:
Dungeon (4/15)
 Temple: D:4-7

Altars:

Annotations:
D:4 Robin


Innate Abilities, Weirdness & Mutations

Your natural rate of healing is accelerated.
You have razor-sharp teeth.
You have supernaturally acute eyesight. (SInv)
You are afflicted with vampirism.


Message History

You hear a shout!
You miss the bat. You miss the goblin. You closely miss the goblin.
The hobgoblin shouts!
The bat barely misses you. The goblin hits you with a +0 dagger.
You block the goblin's attack.
The ball python bites you but does no damage.
You block the ball python's attack. The goblin completely misses you.
The goblin hits you but does no damage. The bat hits you but does no damage.
You barely miss the goblin. You hit the goblin but do no damage.
You hit the bat but do no damage. You barely miss the ball python.
The bat hits you but does no damage. x2
A hobgoblin comes into view.
The ball python closely misses you. x2; The goblin closely misses you.
The goblin barely misses you. The bat completely misses you.
The ball python bites you but does no damage.
The ball python barely misses you.
You barely miss the goblin. You bite the goblin.
The goblin is severely wounded.
You barely miss the ball python. You barely miss the goblin.
You barely miss the bat. The bat barely misses you.
Robin says, "Duck!"
The goblin hits you with a +0 dagger. The goblin hits you with a +0 club.
* * * LOW HITPOINT WARNING * * *
The ball python bites you but does no damage.
The ball python grabs you. The ball python constricts you.
* * * LOW HITPOINT WARNING * * *
A goblin comes into view. It is wielding a +0 dagger.
You block the goblin's attack. The goblin hits you with a +0 club.
* * * LOW HITPOINT WARNING * * *
You slash the goblin!
You kill the goblin!
You hit the bat.
You kill the bat!
You slash the ball python!
You kill the ball python!
You hit the goblin.
The hobgoblin no longer looks unusually strong.
The goblin no longer looks unusually strong.
The goblin hits you with a +0 dagger.
You die...

+.# ~~~~~#
#.##~~~~≈ #g.....
#....# #g...# ..
#.).†#....
#g..##..#
##+####g..##..##.
#.....@rg........
#.....†g........
+...............
#..####....##+##
## ####....##
#........# #....
#........#....
#....
#........#...
#....
#........#..
#....


You could see Robin, a quokka, 3 hobgoblins and 2 goblins.

Vanquished Creatures
  A worm (D:2)
  3 bats
  3 goblins
  A hobgoblin (D:2)
  A quokka (D:4)
  3 ball pythons (D:4)
  A ball python skeleton (D:2)
  A kobold (D:2)
  2 rats (D:2)
16 creatures vanquished.

Notes
Turn   | Place    | Note
-------+----------+-------------------------------------------
     0 | D:1      | AstroCodex24 the Vampire Fighter began the quest for the
                  | Orb.
     0 | D:1      | Reached XP level 1. HP: 17/17 MP: 1/1
   173 | D:2      | Reached XP level 2. HP: 21/23 MP: 2/2
   293 | D:2      | Found a faded altar of an unknown god.
   332 | D:2      | You fall into a shaft and drop 2 floors!
   505 | D:4      | Identified the +2 quarterstaff "Akhler" {freeze, rPois rC+}
   511 | D:4      | Noticed Robin
   523 | D:4      | HP: 1/23 [goblin/+0 club[Robin] (2)]
   524 | D:4      | Slain by a goblin

Illustrated notes

Levels and vault maps discovered:
D:1:      lemuel_arrival_funnel, layout_basic
D:2:      layout_basic, hellmonk_ecumenical_altar_blasted, serial_undead,
          serial_undead_e, serial_undead_c, serial_undead_f, serial_undead_e,
          serial_undead_b, basic_altar
D:4:      layout_gridville, cheibrodos_sewer_entry_sluice, uniq_robin

Skill      XL: |  1  2 |
---------------+-------+-----
Axes           | 2 |  2.0
Fighting       | |  2.9
Armour         | |  2.6
Shields        | |  2.9

Action                     || total
---------------------------++-------
  Melee: War axe           ||    35
         Bite              ||     6
 Armour: Scale mail        ||    40
  Dodge: Dodged            ||    36
  Block: Buckler           ||    11

Table legend: (Time is in decaauts)
 A = Elapsed time spent in this place.
 B = Non-inter-level travel time spent in this place.
 C = Inter-level travel time spent in this place.
 D = Time resting spent in this place.
 E = Time spent auto-exploring this place.
 F = Levels seen in this place.
 G = Mean time per level.
                   A        B        C        D        E       F      G
               +--------+--------+--------+--------+--------+-----+--------+
         Total |    539 |    539 |      0 |      0 |      0 |   3 |  179.7 |
       Dungeon |    539 |    539 |      0 |      0 |      0 |   3 |  179.7 |
               +--------+--------+--------+--------+--------+-----+--------+

Top non-repeatable levels by time:
     D:2: 240 daAuts
     D:4: 198 daAuts
     D:1: 99 daAuts
